 Dungeon Crawl Stone Soup version 0.29.0-4-gdea44cf6ec (webtiles) character file.

Game seed: 3801227316729449054

107 qw the Caller (level 4, -5/36 HPs)
             Began as a Ghoul Summoner on Sept 10, 2022.
             Killed from afar by an orc wizard (7 damage)
             ... with a puff of flame
             ... on level 3 of the Dungeon.
             The game lasted 00:01:15 (3120 turns).

qw the Caller (Ghoul Summoner)                      Turns: 3120, Time: 00:01:15

Health: -5/36      AC:  8    Str: 13    XL:     4   Next: 85%
Magic:  5/5        EV:  6    Int: 10    God:
Gold:   64         SH:  0    Dex:  9    Spells: 5/6 levels left

rFire   . . .      SeeInvis .   Y - +0 flail
rCold   + . .      Faith    .   (no shield)
rNeg    + + +      Spirit   .   l - +0 chain mail
rPois   inf        Reflect  .   (no helmet)
rElec   .          Harm     .   (no cloak)
rCorr   .          Rampage  .   (no gloves)
Will    .....                   (no boots)
Stlth   ..........              (no amulet)
HPRegen 0.00/turn               (no ring)
MPRegen 0.09/turn               (no ring)

@: confused, inhibited regen
A: claws 1, cold resistance 1, negative energy resistance 3, inhibited
regeneration, torment resistance 2, devour on kill
a: no special abilities


You were on level 3 of the Dungeon.
You visited 1 branch of the dungeon, and saw 3 of its levels.

You collected 64 gold pieces.


Innate Abilities, Weirdness & Mutations

You are immune to poison.
You have sharp fingernails.
Your flesh is cold resistant. (rC+)
You are immune to negative energy. (rN+++)
You do not regenerate when monsters are visible.
You are immune to unholy pain and torment.
You thrive by killing the living.


   Skills:
 - Level 2.1 Fighting
 + Level 3.0 Axes
 - Level 1.0 Armour
 - Level 1.7 Dodging
 - Level 2.1 Stealth
 - Level 1.7 Spellcasting
 - Level 3.6 Summonings


You had 5 spell levels left.
You knew the following spells:

 Your Spells              Type           Power      Damage    Failure   Level
a - Summon Small Mammal   Summ           32%        N/A       95%         1

Your spell library contained the following spells:

 Spells                   Type           Power      Damage    Failure   Level
 Call Imp                 Summ           8%         N/A       98%         2
 Call Canine Familiar     Summ           8%         N/A       100%        3
 Summon Guardian Golem    Hex/Summ       4%         N/A       100%        3
 Summon Lightning Spire   Summ/Air       4%         N/A       100%        4

Inventory:

Hand Weapons
 a - the +2 broad axe of Tixeryg {flame, Fragile +Blink rElec rC+++}
   (You acquired it on level 2 of the Dungeon)

   It burns those it strikes, dealing additional fire damage.
   Big, fiery blades are also staple armaments of hydra-hunters.
   rC:        It renders you almost immune to cold.
   rElec:     It insulates you from electricity.
   +Blink:    It lets you blink.
   Fragile:   It will be destroyed if unequipped.
 Y - a +0 flail (weapon)
Armour
 l - a +0 chain mail (worn)
Scrolls
 d - a scroll of identify

Dungeon Overview and Level Annotations

Branches:
Dungeon (3/15)

Altars:
Ashenzari


Message History

You hear some strange, mumbled words.
You are confused.
Something hits you but does no damage. x2
3112 ||| DRINKING potion of curing.
You feel better.
3112 ||| (to cure confusion)
Something hits you.
You hear some strange, mumbled words.
A magic dart appears from out of thin air!
The magic dart hits you.
You closely miss something.
Something hits you but does no damage. x2
You thump something! Something hits you but does no damage. Something hits you.
You barely miss something.
Something hits you but does no damage. x2
You closely miss something.
You hear some strange, mumbled words.
You are confused.
Something hits you but does no damage.
You hear some strange, mumbled words.
A puff of flame appears from out of thin air!
The puff of flame hits you. Something hits you but does no damage.
You're too confused to attack without stumbling around!
There is a strange disturbance nearby!
Something hits you but does no damage. x2
You're too confused to attack without stumbling around!
There is a strange disturbance nearby!
You hear some strange, mumbled words.
A magic dart appears from out of thin air!
The magic dart hits you. Something hits you but does no damage.
You're too confused to attack without stumbling around!
There is a strange disturbance nearby!
Something hits you but does no damage. x2
You're too confused to attack without stumbling around!
There is a strange disturbance nearby!
An orc wizard appears from thin air!
Reactivating autopickup.
The orc wizard casts a spell at you. The puff of flame hits you!
You die...

### ..# #.# #
#.# .# #.# #.#
#.##.. #o#.#
#@{# #.###.#
#.....# #.#.###
#.##.# #.# #.# #
####.######..#
.##............#
#.............#


You could see an orc wizard.

Vanquished Creatures
  4 adders (D:2)
  4 worms (D:2)
  3 dart slugs
  An orc (D:3)
  4 endoplasms
  A giant cockroach (D:2)
  5 goblins
  A hobgoblin (D:2)
  3 kobolds
  2 quokkas
  6 ball pythons
  2 bats (D:2)
  2 frilled lizards
  8 rats
46 creatures vanquished.

Vanquished Creatures (collateral kills)
  A bat (D:1)
  2 endoplasms (D:1)
  A giant cockroach (D:1)
  A hobgoblin (D:1)
  A ball python (D:1)
  A frilled lizard (D:1)
  A kobold (D:1)
  2 rats (D:1)
10 creatures vanquished.

Grand Total: 56 creatures vanquished

Notes
Turn   | Place    | Note
-------+----------+-------------------------------------------
     0 | D:1      | qw the Ghoul Summoner began the quest for the Orb.
     0 | D:1      | Reached XP level 1. HP: 14/14 MP: 2/2
     0 | D:1      | 0 ||| qw: Version: 0.1-a-116-g5d60599
     0 | D:1      | 0 ||| qw: Game counter: 7559
     0 | D:1      | 0 ||| qw: Always use a shield: true
     0 | D:1      | 0 ||| qw: God list: Okawaru
     0 | D:1      | 0 ||| qw: Allow faded altars: false
     0 | D:1      | 0 ||| qw: Do Orc after D:15 true
     0 | D:1      | 0 ||| qw: Do second Lair branch before Depths: true
     0 | D:1      | 0 ||| qw: Lair rune preference: random
     0 | D:1      | 0 ||| qw: Plans: Normal
     0 | D:1      | 0 ||| PLANNING D:1-11
     9 | D:1      | 9 ||| CASTING Summon Small Mammal
    10 | D:1      | 10 ||| CASTING Summon Small Mammal
    50 | D:1      | 50 ||| CASTING Summon Small Mammal
    51 | D:1      | 51 ||| CASTING Summon Small Mammal
   126 | D:1      | 126 ||| CASTING Summon Small Mammal
   127 | D:1      | 127 ||| CASTING Summon Small Mammal
   155 | D:1      | 155 ||| CASTING Summon Small Mammal
   156 | D:1      | 156 ||| CASTING Summon Small Mammal
   160 | D:1      | Reached skill level 1 in Axes
   168 | D:1      | 168 ||| CASTING Summon Small Mammal
   226 | D:1      | 226 ||| CASTING Summon Small Mammal
   227 | D:1      | 227 ||| CASTING Summon Small Mammal
   235 | D:1      | Reached XP level 2. HP: 22/22 MP: 0/3
   265 | D:1      | 265 ||| Wielding weapon +0 club.
   276 | D:1      | 276 ||| CASTING Summon Small Mammal
   277 | D:1      | 277 ||| CASTING Summon Small Mammal
   278 | D:1      | 278 ||| CASTING Summon Small Mammal
   285 | D:1      | Reached skill level 1 in Fighting
   333 | D:1      | 333 ||| CASTING Summon Small Mammal
   334 | D:1      | 334 ||| CASTING Summon Small Mammal
   335 | D:1      | 335 ||| CASTING Summon Small Mammal
   345 | D:1      | 345 ||| CASTING Summon Small Mammal
   410 | D:1      | 410 ||| SWAPPING to +0 whip.
   411 | D:1      | 411 ||| DROPPING +0 club.
   442 | D:1      | 442 ||| CASTING Summon Small Mammal
   444 | D:1      | 444 ||| CASTING Summon Small Mammal
   445 | D:1      | 445 ||| CASTING Summon Small Mammal
   454 | D:1      | 454 ||| CASTING Summon Small Mammal
   541 | D:1      | 541 ||| CASTING Summon Small Mammal
   542 | D:1      | 542 ||| CASTING Summon Small Mammal
   543 | D:1      | 543 ||| CASTING Summon Small Mammal
   548 | D:1      | 548 ||| Stepping ~*~*~tactically~*~*~ (stealth).
   554 | D:1      | 554 ||| CASTING Summon Small Mammal
   628 | D:1      | 628 ||| CASTING Summon Small Mammal
   629 | D:1      | 629 ||| CASTING Summon Small Mammal
   630 | D:1      | 630 ||| CASTING Summon Small Mammal
   639 | D:1      | 639 ||| Stepping ~*~*~tactically~*~*~ (hiding).
   641 | D:1      | 641 ||| CASTING Summon Small Mammal
   705 | D:1      | 705 ||| CASTING Summon Small Mammal
   706 | D:1      | 706 ||| CASTING Summon Small Mammal
   707 | D:1      | 707 ||| CASTING Summon Small Mammal
   717 | D:1      | 717 ||| CASTING Summon Small Mammal
   764 | D:1      | 764 ||| CASTING Summon Small Mammal
   765 | D:1      | 765 ||| CASTING Summon Small Mammal
   766 | D:1      | 766 ||| CASTING Summon Small Mammal
   867 | D:1      | 867 ||| CASTING Summon Small Mammal
   868 | D:1      | 868 ||| CASTING Summon Small Mammal
   869 | D:1      | 869 ||| CASTING Summon Small Mammal
   924 | D:1      | 924 ||| CASTING Summon Small Mammal
   925 | D:1      | 925 ||| CASTING Summon Small Mammal
   926 | D:1      | 926 ||| CASTING Summon Small Mammal
   936 | D:1      | 936 ||| CASTING Summon Small Mammal
   986 | D:1      | 986 ||| CASTING Summon Small Mammal
   987 | D:1      | 987 ||| CASTING Summon Small Mammal
  1088 | D:1      | 1088 ||| CASTING Summon Small Mammal
  1089 | D:1      | 1089 ||| CASTING Summon Small Mammal
  1090 | D:1      | 1090 ||| CASTING Summon Small Mammal
  1152 | D:1      | 1152 ||| CASTING Summon Small Mammal
  1153 | D:1      | 1153 ||| CASTING Summon Small Mammal
  1154 | D:1      | 1154 ||| CASTING Summon Small Mammal
  1158 | D:1      | Reached XP level 3. HP: 28/28 MP: 0/4
  1551 | D:1      | 1551 ||| UPGRADING to +0 chain mail.
  1561 | D:1      | 1561 ||| DROPPING +0 robe.
  1562 | D:1      | 1562 ||| READING scroll labelled LENEZA OQAO.
  1563 | D:1      | 1563 ||| READING scroll labelled LUTAFEGYID.
  1564 | D:1      | 1564 ||| READING 2 scrolls labelled XUASOT DEUGI.
  1565 | D:1      | 1565 ||| READING scroll labelled HIRHELETWI.
  1566 | D:1      | 1566 ||| READING scroll labelled USKUBRA DOEREO.
  1567 | D:1      | 1567 ||| READING scroll labelled JAIMEL CORPHANURUNK.
  1568 | D:1      | 1568 ||| DROPPING potion of magic.
  1569 | D:1      | 1569 ||| DROPPING scroll of poison.
  1874 | D:2      | 1874 ||| Stepping ~*~*~tactically~*~*~ (stealth).
  1898 | D:2      | Reached XP level 4. HP: 30/36 MP: 5/5
  1991 | D:2      | 1991 ||| Stepping ~*~*~tactically~*~*~ (stealth).
  2002 | D:2      | 2002 ||| Stepping ~*~*~tactically~*~*~ (stealth).
  2011 | D:2      | HP: 9/36 [worm (8)]
  2251 | D:2      | 2251 ||| Stepping ~*~*~tactically~*~*~ (stealth).
  2306 | D:2      | Found a faded altar of an unknown god.
  2495 | D:2      | 2495 ||| SWAPPING to +0 falchion.
  2580 | D:2      | 2580 ||| SWAPPING to +0 flail.
  2586 | D:2      | 2586 ||| DROPPING +0 falchion.
  2587 | D:2      | 2587 ||| DROPPING +1 whip.
  2719 | D:2      | Reached skill level 3 in Axes
  2924 | D:2      | 2924 ||| READING scroll labelled CAXTAKHL DAWIE.
  2924 | D:2      | Identified a scroll of acquirement
  2924 | D:2      | 2924 ||| ACQUIRING +2 broad axe of Tixeryg {flame, Fragile
                  | +Blink rElec rC+++}
  2924 | D:2      | Acquired the +2 broad axe of Tixeryg {flame, Fragile +Blink
                  | rElec rC+++}
  3036 | D:2      | 3036 ||| READING 2 scrolls labelled DANIME JYKH.
  3037 | D:2      | 3037 ||| READING scroll labelled DASOUQEHANG.
  3038 | D:2      | 3038 ||| DRINKING 2 metallic brown potions.
  3039 | D:2      | 3039 ||| READING 3 scrolls of identify.
  3039 | D:2      | 3039 ||| IDENTIFYING coppery potion
  3040 | D:2      | 3040 ||| READING 2 scrolls of identify.
  3040 | D:2      | 3040 ||| IDENTIFYING yellow potion
  3041 | D:2      | 3041 ||| DROPPING scroll of butterflies.
  3042 | D:2      | 3042 ||| DROPPING potion of attraction.
  3043 | D:2      | 3043 ||| DROPPING potion of lignification.
  3067 | D:3      | Found a broken altar of Ashenzari.
  3101 | D:3      | Reached skill level 1 in Armour
  3108 | D:3      | HP: 9/36 [something (3)]
  3112 | D:3      | 3112 ||| DRINKING potion of curing.
  3112 | D:3      | 3112 ||| (to cure confusion)
  3114 | D:3      | HP: 8/36 [something (2)]
  3118 | D:3      | HP: 2/36 [something/magic dart (4)]
  3120 | D:3      | Killed from afar by an orc wizard

Levels and vault maps discovered:
D:1:      minmay_arrival_stair_chambers, layout_loops_corners
D:2:      layout_loops_ring, hellmonk_ecumenical_altar_run_dry, fountainhead,
          grunt_ministairs_14, kennysheep_donut
D:3:      layout_loops_ring, mainiacjoe_overflow_surrounded_room,
          overflow_temple_1_default

Skill      XL: |  1  2  3  4 |
---------------+-------------+-----
Axes           | 1 2 3 |  3.0
Fighting       | 1 2 |  2.1
Armour         | 1 |  1.0
Dodging        | |  1.7
Stealth        | |  2.1
Spellcasting   | |  1.7
Summonings     | |  3.6

Action                   |  1- 3 |  4- 6 || total
-------------------------+-------+-------++-------
Melee: Unarmed           |     4 |       ||     4
       Whip              |    80 |    51 ||   131
       Club              |     7 |       ||     7
       Punch             |     1 |     2 ||     3
       Flail             |       |    56 ||    56
 Cast: Summon Small Mamm |    50 |       ||    50
  Use: Scroll            |     6 |     5 ||    11
       Potion            |       |     2 ||     2
Armor: Robe              |     8 |       ||     8
       Chain mail        |    25 |    86 ||   111
Dodge: Dodged            |    36 |    20 ||    56

Table legend:
 A = Non-vault XP
 B = Vault XP
 C = Vault XP percentage of total XP
 D = Non-vault monster count
 E = Vault monster count
 F = Vault count percentage of total count
                 A         B        C        D         E       F
            +---------+---------+-------+---------+---------+-------
      Total |     147 |       6 |   3.9 |      54 |       2 |   3.6
            +---------+---------+-------+---------+---------+-------
        D:1 |      34 |       0 |   0.0 |      20 |       0 |   0.0
        D:2 |     106 |       6 |   5.4 |      30 |       2 |   6.2
        D:3 |       7 |       0 |   0.0 |       4 |       0 |   0.0
            +---------+---------+-------+---------+---------+-------
